 Dungeon Crawl Stone Soup version 0.18.1-6-gd335043 (webtiles) character file.

124 mistymad the Covered (level 5, -5/33 HPs)
             Began as a Gargoyle Fighter on May 21, 2016.
             Killed by divine providence
             ... invoked by an orc priest
              (15 damage)
             ... on level 4 of the Dungeon.
             The game lasted 00:04:31 (2430 turns).

mistymad the Covered (Gargoyle Fighter)             Turns: 2430, Time: 00:04:31

Health: -5/33      AC: 12    Str: 20    XL:     5   Next: 8%
Magic:  5/5        EV:  8    Int:  8    God:
Gold:   178        SH:  9    Dex: 10    Spells: 0 memorised, 4 levels left

rFire  . . .     SeeInvis .     a - +0 flail
rCold  . . .     Gourm    .     b - +0 scale mail
rNeg   + . .     Faith    .     c - +0 shield
rPois  ∞         Spirit   .     (no helmet)
rElec  +         Dismiss  +     (no cloak)
rCorr  .         Reflect  .     (no gloves)
SustAt .         Harm     .     y - +0 pair of boots
MR     .....                    v - amulet of dismissal
Stlth  ..........               (no ring)
                                (no ring)

@: not resistant to hostile enchantments, extremely unstealthy
A: negative energy resistance 1, electricity resistance, unbreathing,
petrification resistance, rot immunity, AC +4
a: no special abilities


You were on level 4 of the Dungeon.
You were not hungry.

You visited 1 branch of the dungeon, and saw 4 of its levels.

You collected 178 gold pieces.

Inventory:

Hand Weapons
 a - a +0 flail (weapon)
Armour
 b - a +0 scale mail (worn)
 c - a +0 shield (worn)
 y - a +0 pair of boots (worn)
Jewellery
 v - an amulet of dismissal (around neck)
 w - an uncursed amulet of guardian spirit {unknown}
Scrolls
 e - 3 scrolls of teleportation {unknown}
 g - a scroll of amnesia {unknown}
 j - a scroll of fog {unknown}
 k - 2 scrolls of noise {unknown}
 l - 6 scrolls of identify {unknown}
 o - 4 scrolls of fear {unknown}
 x - a scroll of immolation {unknown}
Potions
 d - a potion of might
 h - a potion of invisibility {unknown}
 i - 2 potions of resistance {unknown}
 m - 3 potions of lignification {unknown}
 p - a potion of flight {unknown}
 q - a potion of berserk rage {unknown}
 r - a potion of ambrosia {unknown}
 s - a potion of curing {unknown}
 z - a potion of magic {unknown}
Comestibles
 f - a bread ration
 n - a meat ration
 t - 7 fruits
 u - a chunk of flesh


   Skills:
 + Level 4.0 Fighting
 + Level 2.8 Maces & Flails
 + Level 4.1 Armour
 + Level 1.4 Dodging
 + Level 3.8 Shields


You had 4 spell levels left.
You didn't know any spells.

Dungeon Overview and Level Annotations

Branches:
Dungeon (4/15)
 Temple: D:4-7

Altars:
Dithmenos


Innate Abilities, Weirdness & Mutations

You are resistant to torment.
Your stone body is resilient (AC +4).
You are immune to poison.
You resist negative energy.
You are resistant to electric shocks.
You can survive without breathing.
You are immune to petrification.
You are immune to rotting.


Message History

3 orc priests come into view.
The orc priest shouts! x3
You hit the orc priest but do no damage.
The orc priest barely misses you. The orc priest closely misses you.
You completely miss the orc priest.
The orc priest mumbles some strange prayers to Beogh against you.
Pain shoots through your body!
The orc priest hits you but does no damage.
The orc priest barely misses you.
You closely miss the orc priest.
The orc priest calls down the wrath of Beogh upon you.
Beogh smites you!
Ouch! That really hurt!
The orc priest hits you but does no damage.
You hit the orc priest.
The orc priest is lightly wounded.
The orc priest barely misses you. You block the orc priest's attack.
The orc priest calls down the wrath of Beogh upon you.
Beogh smites you!
You die...

.# ..## #.
....## #.##
.....###
#...#
#......##....
#........
######.....#
.........@o#
.........#oo#
####...##Z.#
##.).# #..#
#...## ..#
#...# #.#
##..######..
#...##...##.#
##..#....##


You could see 3 orc priests and a hound skeleton.

Vanquished Creatures
  2 gnolls (D:3)
  3 adders
  2 oozes
  2 dart slugs (D:2)
  A giant gecko (D:3)
  2 orcs
  7 bats
  3 giant cockroaches
  2 goblins
  7 hobgoblins
  11 jackals
  A quokka (D:2)
  4 giant newts
  9 kobolds
  6 rats
62 creatures vanquished.

Vanquished Creatures (others)
  5 toadstools (D:1)
5 creatures vanquished.

Grand Total: 67 creatures vanquished

Notes
Turn   | Place    | Note
--------------------------------------------------------------
     0 | D:1      | mistymad the Gargoyle Fighter began the quest for the Orb.
     0 | D:1      | Reached XP level 1. HP: 14/14 MP: 1/1
   236 | D:1      | Reached XP level 2. HP: 19/19 MP: 2/2
   739 | D:2      | Reached XP level 3. HP: 22/23 MP: 3/3
   799 | D:2      | Found a shadowy altar of Dithmenos.
  1032 | D:2      | Reached skill level 1 in Dodging
  1392 | D:2      | Reached XP level 4. HP: 29/29 MP: 4/4
  2024 | D:3      | Reached XP level 5. HP: 31/33 MP: 5/5
  2430 | D:4      | Killed from afar by an orc priest

Skill      XL: |  1  2  3  4  5 |
---------------+----------------+-----
Dodging        | 1 |  1.4
Armour         | 4 |  4.1
Fighting       | 4 |  4.0
Maces & Flails | |  2.8
Shields        | |  3.8

Action                   |  1- 3 |  4- 6 || total
-------------------------+-------+-------++-------
Melee: Flail             |   195 |   118 ||   313
  Eat: Chunk             |     2 |     4 ||     6
Armor: Scale mail        |   141 |    88 ||   229
Dodge: Dodged            |    87 |    51 ||   138
Block: Shield            |   124 |    82 ||   206
